 Dungeon Crawl Stone Soup version 0.23.2-33-g5129a83184 (webtiles) character file.

Game seed: 11878156709512166103

817 Felnil the Skirmisher (level 7, -12/57 HPs)
             Began as a Mummy Fighter on Aug 8, 2019.
             Was a Follower of Makhleb.
             Mangled by Harold
             ... wielding a +0 dire flail
              (19 damage)
             ... on level 6 of the Dungeon.
             The game lasted 00:18:38 (5449 turns).

Felnil the Skirmisher (Mummy Fighter)               Turns: 5449, Time: 00:18:39

Health: -12/57     AC: 15    Str: 22    XL:     7   Next: 62%
Magic:  7/7        EV:  7    Int:  7    God:    Makhleb [*.....]
Gold:   232        SH: 11    Dex: 11    Spells: 6/6 levels left

rFire    + . .     SeeInvis .   g - +6 dagger (protect)
rCold    . . .     Gourm    .   c - +1 shield
rNeg     + + +     Faith    .   b - +1 scale mail
rPois    ∞         Spirit   .   (no helmet)
rElec    .         Reflect  .   (no cloak)
rCorr    .         Harm     .   (no gloves)
MR       .....                  (no boots)
Stlth    ..........             (no amulet)
HPRegen  0.19/turn              i - ring of protection from fire
MPRegen  0.10/turn              j - ring of fire

@: marked, protection aura
A: no food or potions, fire vulnerability, cold resistance 1, negative energy
resistance 3, torment resistance, unbreathing
a: Renounce Religion


You were on level 6 of the Dungeon.
You worshipped Makhleb.
Makhleb was aware of your devotion.
You were not hungry.

You visited 2 branches of the dungeon, and saw 8 of its levels.

You collected 232 gold pieces.

Inventory:

Hand Weapons
 a - a +1 war axe
 g - a +6 dagger of protection (weapon)
Missiles
 f - a throwing net (quivered)
 k - 10 tomahawks
Armour
 b - a +1 scale mail (worn)
 c - a +1 shield (worn)
Jewellery
 i - a ring of protection from fire (left hand)
 j - a ring of fire (right hand)
 p - a +2 ring of intelligence
 r - an uncursed ring of protection from cold
Wands
 m - a wand of iceblast (9)
 s - a wand of paralysis (2)
Scrolls
 d - 2 scrolls of identify
 e - 4 scrolls of remove curse
 l - a scroll of magic mapping
 n - a scroll of amnesia
 q - 2 scrolls of teleportation


   Skills:
 + Level 5.8 Fighting
 - Level 1.5 Axes
 + Level 4.8 Armour
 + Level 4.7 Shields


You had 6 spell levels left.
You didn't know any spells.
Your spell library contained the following spells:

 Spells                   Type           Power        Failure   Level  Hunger
 Sandblast                Erth           #.....       99%         1    N/A
 Passwall                 Tmut/Erth      #.......     100%        2    N/A
 Stone Arrow              Conj/Erth      #.....       100%        3    N/A
 Petrify                  Tmut/Erth      #.......     100%        4    N/A
 Lee's Rapid Deconstruct  Erth           #.........   100%        5    N/A

Dungeon Overview and Level Annotations

Branches:
Dungeon (7/15)             Temple (1/1) D:4

Altars:
Ashenzari
Cheibriados
Dithmenos
Elyvilon
Fedhas
Gozag
Hepliaklqana
Kikubaaqudgha
Makhleb
Nemelex Xobeh
Okawaru
Qazlal
Ru
Sif Muna
Trog
Uskayaw
Vehumet
Wu Jian
Xom
Yredelemnul
Zin
The Shining One

Shops:
D:4 *

Annotations:
D:6 Harold


Innate Abilities, Weirdness & Mutations

You do not eat or drink.
Your flesh is vulnerable to fire.
You are immune to poison.
Your flesh is cold resistant. (rC+)
You are immune to negative energy. (rN+++)
You are immune to unholy pain and torment.
You can survive without breathing.


Message History

Harold hits you with a +0 dire flail!
You are too injured to fight recklessly!
Aiming: Paralyse
Press: ? - help, Shift-Dir - straight line, f - Harold
Aim: Harold, wielding a +0 dire flail, wearing a cursed +0 scale mail and carrying a wand of iceblast (5) (lightly wounded, chance to defeat MR: 15%) Harold resists with almost no effort.
Harold hits you with a +0 dire flail!
* * * LOW HITPOINT WARNING * * *
Aiming: Iceblast
Press: ? - help, Shift-Dir - straight line, p - Harold The mass of ice explodes!
The iceblast engulfs Harold!
Harold is moderately wounded.
Harold hits you with a +0 dire flail.
* * * LOW HITPOINT WARNING * * *
As you read the scroll of fear, it crumbles to dust.
You assume a fearsome visage.
Harold looks frightened!
You hit Harold.
Your attack snaps Harold out of his fear.
Harold is moderately wounded.
Harold hits you with a +0 dire flail!!
You die...

#....######§
#......#
#....#§§§§§§
#......#
#....#§§§§§§
#......#
#....#§§§§§§
#......#
#....#§§§§§§
#......# ######
###########..#####
#............#
#............#
#......@.....#
#.......@....#
#............#
#............#
#............#
##############


You could see Harold.

Vanquished Creatures
  An ogre (D:4)
  A centaur (D:5)
  A bullfrog (D:6)
  2 crimson imps (D:5)
  A hound (D:4)
  An orc priest (D:6)
  2 bullfrog skeletons
  An iguana (D:5)
  3 orc wizards
  4 worker ants
  6 adders
  2 shadow imps (D:5)
  3 oozes
  2 worms (D:2)
  5 dart slugs
  3 leopard geckos
  18 orcs
  5 giant cockroaches
  6 goblins
  8 hobgoblins
  3 jackals (D:3)
  4 kobolds
  2 quokkas
  A ball python (D:2)
  6 bats
  9 frilled lizards
  A jackal skeleton (D:4)
  A leopard gecko zombie (D:5)
  A quokka skeleton (D:5)
  6 rats
  3 bushes (D:1)
  3 plants (D:1)
115 creatures vanquished.

Notes
Turn   | Place    | Note
-------+----------+-------------------------------------------
     0 | D:1      | Felnil the Mummy Fighter began the quest for the Orb.
     0 | D:1      | Reached XP level 1. HP: 18/18 MP: 1/1
   204 | D:1      | Reached XP level 2. HP: 22/24 MP: 2/2
   629 | D:1      | Reached XP level 3. HP: 19/29 MP: 3/3
  1502 | D:2      | You fall through a shaft!
  1667 | D:3      | Reached XP level 4. HP: 29/37 MP: 4/4
  1799 | D:3      | Reached skill level 4 in Fighting
  2155 | D:3      | Reached XP level 5. HP: 40/42 MP: 5/5
  2194 | D:2      | Found a shadowy altar of Dithmenos.
  3386 | D:4      | Noticed an ogre
  3394 | D:4      | Killed an ogre
  3394 | D:4      | Reached XP level 6. HP: 33/49 MP: 6/6
  3504 | D:4      | Found a sparkling altar of Nemelex Xobeh.
  3526 | D:4      | Found a staircase to the Ecumenical Temple.
  3534 | Temple   | Entered the Ecumenical Temple
  3600 | Temple   | Became a worshipper of Makhleb the Destroyer
  3898 | D:4      | Found Tiedd's Assorted Antiques.
  4097 | D:4      | Reached skill level 5 in Fighting
  4227 | D:5      | Entered Level 5 of the Dungeon
  4375 | D:5      | Reached XP level 7. HP: 49/56 MP: 7/7
  4660 | D:5      | Reached * piety under Makhleb
  4859 | D:6      | Found a stormy altar of Qazlal.
  5436 | D:7      | Noticed Harold
  5449 | D:6      | Mangled by Harold

Skill      XL: |  1  2  3  4  5  6 |
---------------+-------------------+-----
Armour         | 3 4 |  4.8
Shields        | 3 4 |  4.7
Fighting       | 4 5 |  5.8
Axes           | |  1.5

Action                   |  1- 3 |  4- 6 |  7- 9 || total
-------------------------+-------+-------+-------++-------
Melee: War axe           |   306 |   106 |       ||   412
       Dagger            |       |   116 |   130 ||   246
Evoke: Wand              |       |       |     2 ||     2
  Use: Scroll            |       |    12 |     6 ||    18
Armor: Scale mail        |    52 |   102 |    43 ||   197
Dodge: Dodged            |    42 |    53 |    31 ||   126
Block: Shield            |    69 |   112 |    59 ||   240
